AoeStats
← tony halcon

Nomad

510142710Analyzed
3v3 RM · 1d ago on Sep 29, 2026· 45m 2s· 6 players
Game mode
Random Map
Map size
210×210
Population
200
Speed
Normal
Resources
Standard
Victory
Conquest
Starting age
Dark Age
Ending age
Imperial Age
RankedLock teamsTeams togetherTeam positionsShared explorationLock speedFull tech treeHidden civsTurbo modeCheats
Victory
Defeat
🇨🇳 Persians · China
1206
+12
🇨🇳 Huns · China
1189
+13
🇨🇳 Saracens · China
1092
+17
🇨🇳 Italians · China
1132
-15
🇦🇷 Vietnamese · Argentina
1107
-14
🇪🇸 Spanish · Spain
1106
-13
redwolfliu
3:50 Loom
14:21 Feudal Age
15:09 Double-Bit Axe
20:23 Castle Age
19:34 Fletching
21:58 Wheelbarrow
21:50 Stone Mining
22:31 Bow Saw
22:08 Horse Collar
23:42 Medium Warships
24:55 Bodkin Arrow
30:37 Gold Mining
31:59 Padded Archer Armor
35:33 Imperial Age
34:47 Leather Archer Armor
36:40 Conscription
37:22 Chemistry
36:30 Bracer
38:15 Thumb Ring
38:34 Ballistics
39:08 Ring Archer Armor
39:42 Bombard Tower
41:16 Hand Cart
43:00 Stone Shaft Mining
44:09 Scale Barding Armor
44:23 Forging
oDiN_ZeLot
14:41 Feudal Age
13:38 Loom
15:27 Stone Mining
19:46 Fishing Lines
19:57 Fishing Lines
22:41 Castle Age
20:36 Gold Mining
22:44 Horse Collar
23:38 Double-Bit Axe
26:50 Heavy Plow
28:06 Bow Saw
30:46 Wheelbarrow
37:12 Imperial Age
35:35 Scale Barding Armor
36:13 Husbandry
39:22 Bloodlines
40:04 Hand Cart
43:34 Conscription
tony halcon
13:38 Feudal Age
15:24 Loom
17:58 Castle Age
15:47 Double-Bit Axe
16:11 Gold Mining
16:04 Horse Collar
16:11 Fishing Lines
16:15 Horse Collar
17:00 Fletching
17:45 Padded Archer Armor
19:10 Bow Saw
19:15 Bloodlines
19:07 Husbandry
19:57 Bodkin Arrow
29:29 Ballistics
30:51 Wheelbarrow
35:09 Thumb Ring
38:32 Imperial Age
36:36 Fortified Wall
36:07 Treadmill Crane
40:42 Chemistry
40:50 Heavy Cavalry Archer
41:17 Town Watch
42:17 Leather Archer Armor
42:43 Bracer
Sky
4:52 Loom
14:50 Feudal Age
15:21 Double-Bit Axe
15:54 Gold Mining
16:34 Fishing Lines
23:18 Castle Age
24:47 Bow Saw
24:50 Scale Barding Armor
24:58 Forging
25:58 Gold Shaft Mining
26:05 Stone Mining
26:39 Bloodlines
26:39 Gillnets
28:30 Husbandry
30:28 Chain Barding Armor
31:50 Iron Casting
36:50 Imperial Age
34:05 Town Watch
34:56 Wheelbarrow
34:53 Masonry
34:57 Careening
37:53 Hand Cart
37:15 Cavalier
38:09 Capped Ram
41:00 Plate Barding Armor
41:26 Blast Furnace
39:48 Paladin
41:59 Two-Man Saw
43:32 Light Cavalry
44:30 Siege Ram
阿吉
5:19 Loom
15:54 Feudal Age
17:55 Bloodlines
18:07 Double-Bit Axe
22:29 Castle Age
21:15 Fletching
21:26 Padded Archer Armor
22:51 Fishing Lines
22:47 Elite Skirmisher
24:44 Bodkin Arrow
26:04 Ballistics
26:54 Gillnets
28:35 Horse Collar
31:55 Husbandry
32:52 Heavy Plow
34:05 Wheelbarrow
38:05 Imperial Age
35:58 Scale Barding Armor
37:16 Hand Cart
36:48 Town Watch
37:41 Chain Barding Armor
37:32 Forging
37:48 Kamandaran
39:09 Plate Barding Armor
38:44 Forging
39:17 Conscription
39:37 Leather Archer Armor
40:25 Chemistry
39:22 Gold Mining
44:47 Ring Archer Armor
44:54 Iron Casting
45:38 Town Patrol
Martin
5:29 Loom
14:54 Feudal Age
15:01 Man-at-Arms
16:32 Double-Bit Axe
25:42 Castle Age
23:56 Fletching
24:22 Scale Mail Armor
25:56 Forging
25:48 Padded Archer Armor
26:56 Horse Collar
28:09 Medium Warships
32:11 Heavy Plow
32:13 Bodkin Arrow
32:49 Bow Saw
33:32 Gold Mining
33:33 Stone Mining
35:21 Leather Archer Armor
40:43 Imperial Age
37:41 Pikeman
38:33 Elite Skirmisher
40:08 Squires
39:53 Gambesons
41:50 Wheelbarrow
43:11 Chemistry
Connection lost

Rejoining the realm…

Still unreachable

The connection could not be restored.

Session expired

The server has moved on; the page needs a fresh start.